[Event "*** SCC Grand Prix: Titled Tuesday Blitz"]
[Site "Chess.com"]
[Date "2020.06.02"]
[Round "4"]
[White "Quiet_Desperation"]
[Black "MariaFominykh"]
[Result "1-0"]
[WhiteElo "2077"]
[BlackElo "2281"]
[TimeControl "180+1"]
[EndTime "10:40:17 PDT"]
[Termination "Quiet_Desperation won on time"]

1. e4 d6 2. d4 Nf6 3. Nc3 Nbd7 4. Nf3 e5 5. Bc4 Be7 6. O-O O-O 7. a4 c6 8. h3 b6 9. Re1 Bb7 10. a5 b5 11. Bd3 a6 12. Ne2 exd4 13. Nexd4 Re8 14.
Nf5 Bf8 15. Bg5 h6 16. Bf4 Ne5 17. c3 c5 18. Bc2 Nc4 19. b3 Ne5 20. Qe2 Ng6 21.
Bh2 Nxe4 22. Bxe4 Bxe4 23. Ng3 Bd5 24. Qd1 Rxe1+ 25. Nxe1 Bc6 26. Nf5 d5 27. Qf3 Qd7 28. Rd1 Re8 29. Nc2 d4 30. Qg4 d3 31. Nce3 d2 32.
h4 Kh8 33. h5 Ne5 34. Bxe5 Rxe5 35. Qf4 Re4 36. Qb8 Re8 37. Qf4 Qd3 38. Qc7 Be4 39. Qxf7 Rd8 40. Ng3 Bh7 41. c4 Qxb3 42. Rxd2 Qb1+ 43.
Kh2 Rxd2 44. Qxf8+ Bg8 45. Nef5 Rd7 46. f3 Qd3 47. Ne4 Qd1 48. Nf6 Rf7 49. Qd8 1-0

[Event "*** SCC Grand Prix: Titled Tuesday Blitz"]
[Site "Chess.com"]
[Date "2020.06.02"]
[Round "4"]
[White "ajdemipopushi"]
[Black "TST2014"]
[Result "0-1"]
[WhiteElo "2312"]
[BlackElo "2505"]
[TimeControl "180+1"]
[EndTime "10:40:18 PDT"]
[Termination "TST2014 won by resignation"]

1. Nf3 Nf6 2. g3 b6 3. Bg2 Bb7 4. O-O c5 5. c4 g6 6. b3 Bg7 7.
Bb2 O-O 8. d4 cxd4 9. Qxd4 Nc6 10. Qh4 h6 11. Qf4 g5 12. Qc1 d6 13. Nc3 Qd7 14. h4 g4 15. Nd2 Nd4 16. Re1 Bxg2 17. Kxg2 Qb7+ 18. Kg1 Rac8 19. e3 Nf5 20. Qd1 a6 21. a4 h5 22. Rc1 Rfd8 23. Qe2 e6 24.
Red1 Rc5 25. Ba1 d5 26. cxd5 Nxd5 27. Nxd5 Rxc1 28. Rxc1 Qxd5 29. Bxg7 Qxd2 30. Qxd2 Rxd2 31. Bf6 Kh7 32. Rc6 Kg6 33. Bd4 Nxd4 34. exd4 b5 35.
Rxa6 bxa4 36. Rxa4 Rd3 37. Rb4 Kf5 38. Kf1 Ke4 39. Ke2 Rxd4 40. Rxd4+ Kxd4 41. Kd2 f5 42.
Kc2 e5 43. Kd2 f4 44. Kc2 e4 45. Kd2 f3 46. b4 e3+ 47. fxe3+ Kc4 48. e4 Kxb4 49. Ke3 Kc5 0-1

[Event "*** SCC Grand Prix: Titled Tuesday Blitz"]
[Site "Chess.com"]
[Date "2020.06.02"]
[Round "4"]
[White "Illingworth"]
[Black "deribas12345"]
[Result "1-0"]
[WhiteElo "2895"]
[BlackElo "2554"]
[TimeControl "180+1"]
[EndTime "10:40:19 PDT"]
[Termination "Illingworth won by resignation"]

1. d4 Nf6 2. Nf3 d6 3. Bf4 Bf5 4. e3 h6 5. h3 g5 6. Bh2 Bg7 7. c4 Nbd7 8. Nc3 c6 9. Bd3 Bxd3 10.
Qxd3 Qb6 11. O-O O-O 12. b4 Qxb4 13. Rab1 Qa5 14. Rxb7 Rfe8 15. Rfb1 Nb6 16. c5 dxc5 17. Ne5 cxd4 18. exd4 Rac8 19. Ne4 Qxa2 20. Re1 Qa5 21. Rf1 Qd5 22. Nxf6+ Bxf6 23. Ng4 Bg7 24. Rxa7 c5 25. Ne3 Qxd4 26. Qb1 c4 27. Nf5 Qc5 28. Re1 c3 29. Nxg7 c2 30. Qc1 Kxg7 31. Be5+ f6 32. Ba1 Nd5 33. Rd7 Nf4 34. Bb2 Nd3 35. Rxd3 Rcd8 36. Rc3 Qf5 37. Qxc2 Qxc2 38. Rxc2 Kg6 39. Rce2 Rd7 40.
Re6 Kf7 41. Bxf6 g4 42. hxg4 Rd5 43. Bxe7 h5 44. gxh5 Rxh5 45. g3 Rf5 46. R6e3 Kg6 47. Bh4 Rxe3 48. Rxe3 1-0

[Event "*** SCC Grand Prix: Titled Tuesday Blitz"]
[Site "Chess.com"]
[Date "2020.06.02"]
[Round "4"]
[White "Lestofante90"]
[Black "Sergey85Rodchenkov"]
[Result "1-0"]
[WhiteElo "2794"]
[BlackElo "2528"]
[TimeControl "180+1"]
[EndTime "10:40:19 PDT"]
[Termination "Lestofante90 won on time"]

1. e4 c5 2. Nf3 e6 3. d4 cxd4 4. Nxd4 a6 5. Bd3 Qc7 6. Qe2 d6 7. c4 Nf6 8. Nc3 Nbd7 9. f4 g6 10. O-O Bg7 11. Nf3 O-O 12. Bd2 b6 13. b4 Bb7 14.
Rac1 Rac8 15. Kh1 Rfe8 16. e5 dxe5 17. Nxe5 Rcd8 18. Rfd1 Nh5 19. Nxd7 Rxd7 20. Be4 Red8 21. Bxb7 Qxb7 22. Ne4 h6 23. c5 Qc6 24. Nd6 bxc5 25. bxc5 Bf8 26. Ba5 Rb8 27. Qe3 Rb2 28. Rg1 Bxd6 29.
cxd6 Qxd6 30. Rc8+ Kh7 31. Qc3 Qd4 32. Qxd4 Rxd4 33.
Bc3 Rbd2 34. Bxd4 Rxd4 35. g3 Ra4 36. Rg2 Nf6 37. Rb2 Nd5 38. Kg2 g5 39. fxg5 hxg5 40. Rf2 Kg6 41. Rg8+ Kh6 42. Rxf7 Rxa2+ 43. Kf3 Ra3+ 44.
Ke4 Re3+ 45. Kd4 Re2 46. h3 Ne3 47. Rf6+ Kh7 48. Rxg5 Nf5+ 49. Kd3 Re3+ 50. Kd2 Rf3 51. g4 Ng3 52. Rxe6 1-0

[Event "*** SCC Grand Prix: Titled Tuesday Blitz"]
[Site "Chess.com"]
[Date "2020.06.02"]
[Round "4"]
[White "Doukis"]
[Black "H3nriqueTV"]
[Result "1/2-1/2"]
[WhiteElo "2398"]
[BlackElo "2186"]
[TimeControl "180+1"]
[EndTime "10:40:19 PDT"]
[Termination "Game drawn by agreement"]

1. d4 d5 2. c4 c6 3. cxd5 cxd5 4.
Bg5 Nc6 5. Nc3 Nf6 6. Bxf6 exf6 7. e3 Bb4 8. Rc1 O-O 9. Bd3 a6 10. Ne2 Bg4 11. O-O Re8 12. Qb3 Be6 13. Nf4 Bxc3 14.
Rxc3 Rb8 15. a3 Na5 16. Qc2 b5 17. Bxh7+ Kh8 18. Bd3 Nc4 19. Qe2 g6 20. Rfc1 Kg7 21. Qf3 Rh8 22. Qg3 Qe7 23. b3 Nd6 24. Rc7 Rhc8 25.
Rxc8 Rxc8 26. Rxc8 Nxc8 27. b4 Nd6 28. h4 Ne4 29. Bxe4 dxe4 30. d5 Bf5 31. d6 Qd7 32. Nd5 Qe6 33. Ne7 Kf8 34. Qf4 Ke8 35. h5 Kd7 36. h6 Qb3 37. h7 Qd1+ 38. Kh2 Qh5+ 39.
Kg3 Qxh7 40. Nxf5 gxf5 41. f3 Qg6+ 42. Kf2 exf3 43. gxf3 Qg5 44. Qd4 f4 45. exf4 Qh4+ 46. Ke3 Qe1+ 47. Kd3 Qd1+ 48. Ke4 Qxd4+ 49. Kxd4 Kxd6 50. f5 Kc6 1/2-1/2

[Event "*** SCC Grand Prix: Titled Tuesday Blitz"]
[Site "Chess.com"]
[Date "2020.06.02"]
[Round "4"]
[White "mamonika"]
[Black "secretsuperstar7"]
[Result "0-1"]
[WhiteElo "1962"]
[BlackElo "2214"]
[TimeControl "180+1"]
[EndTime "10:40:19 PDT"]
[Termination "secretsuperstar7 won by resignation"]

1. e4 c5 2. Nf3 d6 3. d4 cxd4 4. Nxd4 Nf6 5. Nc3 Nc6 6. Be2 e6 7. O-O Be7 8. Be3 O-O 9. f4 a6 10. Qe1 e5 11. Nxc6 bxc6 12. fxe5 dxe5 13. Rd1 Qa5 14.
Bg5 Rb8 15. b3 Be6 16. Qg3 Kh8 17. Rd3 Rfd8 18. Rdf3 Nh5 19. Qh4 Bxg5 20. Qxg5 Nf4 21. Rxf4 Qxc3 22. Rh4 Qd2 23. Qh5 h6 24. Bd3 Qc3 25. Qf3 c5 26. a4 c4 27. bxc4 Rbc8 28. Qe3 Qd4 29. Qxd4 Rxd4 30. c5 Kg8 31. Bxa6 Rxc5 32.
Bd3 Rxa4 33. h3 Rc3 34. Rh5 Ra2 35. Rxe5 Rb2 36. Rb5 Rxb5 37. Bxb5 Rxc2 38. Re1 Rb2 39.
Kh2 Kf8 40. e5 Rxb5 41. Re2 Rd5 42. Re3 Ke7 43. Kg3 Kd7 44. Kf2 Kc6 45. Ke2 Kc5 46.
Rc3+ Kd4 47. Re3 Rxe5 48. Re4+ Rxe4+ 0-1

[Event "*** SCC Grand Prix: Titled Tuesday Blitz"]
[Site "Chess.com"]
[Date "2020.06.02"]
[Round "4"]
[White "bait_or_mate"]
[Black "Berant"]
[Result "1-0"]
[WhiteElo "2546"]
[BlackElo "2309"]
[TimeControl "180+1"]
[EndTime "10:40:20 PDT"]
[Termination "bait_or_mate won on time"]

1. d4 Nf6 2. c4 e6 3. Nf3 d5 4. g3 Bb4+ 5. Nbd2 O-O 6. Bg2 c6 7.
O-O Nbd7 8. Qc2 Re8 9. Rd1 Qc7 10. b3 dxc4 11. Nxc4 Be7 12. Bf4 Qd8 13. e4 Nh5 14.
Be3 Qc7 15. Rac1 Nb6 16. Nce5 Nf6 17. Ng5 Rf8 18. h3 h6 19. Ngf3 Ba3 20. Rb1 Qe7 21. Nd2 Bd7 22. Ndc4 Rfd8 23. Nxa3 Qxa3 24. g4 Rac8 25.
Nc4 Qe7 26. Bf4 Nxc4 27. bxc4 b6 28. e5 Ne8 29. Be3 Nc7 30. f4 Na6 31. Qa4 Nc7 32. Qxa7 Ne8 33. Qxb6 Ra8 34. Qb2 Ra3 35. Qf2 Rda8 36.
Rb2 Nc7 37. d5 cxd5 38. Bc5 Qe8 39. Bxa3 Rxa3 40. cxd5 exd5 41. Qc5 Ne6 42. Qxa3 Nxf4 43. Qe3 g5 44. Bxd5 Ba4 45. Bb3 Bc6 46. Rbd2 Qe7 47.
Rd8+ Kg7 48. R8d4 Qa3 49. Rxf4 gxf4 50. Qxf4 Qb2 51. Qf6+ Kg8 52. Rd8+ 1-0

[Event "*** SCC Grand Prix: Titled Tuesday Blitz"]
[Site "Chess.com"]
[Date "2020.06.02"]
[Round "4"]
[White "PlayChessSimple"]
[Black "Ave_Mariia"]
[Result "0-1"]
[WhiteElo "2512"]
[BlackElo "2307"]
[TimeControl "180+1"]
[EndTime "10:40:20 PDT"]
[Termination "Ave_Mariia won on time"]

1. e4 c5 2. Nf3 d6 3. c3 Nf6 4. h3 Nbd7 5. Bd3 b6 6. Bc2 Bb7 7.
Qe2 Qc7 8. O-O Rc8 9. Na3 e6 10. d3 Be7 11. Bf4 a6 12. Rac1 O-O 13. d4 e5 14. Bh2 Rfe8 15. dxe5 dxe5 16. Nc4 Bf8 17. a4 b5 18. axb5 axb5 19. Na3 c4 20.
Nd4 Qc5 21. Ndxb5 Ba6 22. b4 cxb3 23. Bxb3 Qxa3 24. Rb1 Bxb5 25. Qxb5 Rxc3 26. Rfd1 Rb8 27. Bxf7+ Kxf7 28. Rxd7+ Nxd7 29. Qxd7+ Qe7 30. Qf5+ Kg8 31. Rf1 g6 32. Qxe5 Qxe5 33. Bxe5 Rbb3 34. Bxc3 Rxc3 35. g3 Bc5 36. Kg2 Rc2 37. g4 Kf7 38. Kg3 Re2 39. Rc1 Bxf2+ 40. Kf3 Rb2 41. Rc7+ Kg8 42. g5 Bd4 43.
Rc8+ Kf7 44. Rc7+ Ke6 45. Rxh7 Rf2+ 46. Kg3 Rf1 47. Rb7 Rg1+ 48. Kh2 Rxg5 0-1

[Event "*** SCC Grand Prix: Titled Tuesday Blitz"]
[Site "Chess.com"]
[Date "2020.06.02"]
[Round "4"]
[White "Pudor"]
[Black "Larina_Marija"]
[Result "1-0"]
[WhiteElo "2392"]
[BlackElo "2123"]
[TimeControl "180+1"]
[EndTime "10:40:20 PDT"]
[Termination "Pudor won on time"]

1. d4 f5 2. g3 Nf6 3. Bg2 g6 4. Nf3 Bg7 5. O-O O-O 6. b3 d6 7. Bb2 c6 8. Nbd2 a5 9. Re1 a4 10. c4 a3 11. Bc3 Ne4 12. Qc2 Nxc3 13. Qxc3 f4 14. Rad1 Qa5 15. Qxa5 Rxa5 16. e3 fxg3 17. hxg3 Bg4 18. Rc1 e5 19. dxe5 dxe5 20. Ng5 h6 21. Nge4 Na6 22. Nd6 Rb8 23. N2e4 Nb4 24. Nc3 Nd3 25.
Be4 Nxe1 26. Rxe1 Kh7 27. f3 Bd7 28. Bc2 Be8 29. Kf2 Ra7 30. Nce4 b6 31. g4 c5 32. g5 h5 33. Rh1 Rd7 34. Ke2 Kg8 35. Nb5 Rbd8 36.
Nxa3 Ra8 37. Nb5 Rxa2 38. Rc1 Rd8 39. Nbd6 Rb2 40. Kd3 Ra2 41. Kc3 Ra7 42. Rd1 Rad7 43. Nxe8 1-0

[Event "*** SCC Grand Prix: Titled Tuesday Blitz"]
[Site "Chess.com"]
[Date "2020.06.02"]
[Round "4"]
[White "rugbyclub"]
[Black "Orest_Vovk"]
[Result "0-1"]
[WhiteElo "2108"]
[BlackElo "2389"]
[TimeControl "180+1"]
[EndTime "10:40:20 PDT"]
[Termination "Orest_Vovk won by resignation"]

1. c4 Nf6 2. Nc3 e6 3. e4 Nc6 4. d4 Bb4 5. f3 d6 6. Bg5 h6 7. Bh4 e5 8. Ne2 g5 9. Bf2 Bd7 10. d5 Ne7 11. Qd2 b6 12. g4 Ng6 13. O-O-O Bc5 14.
Bxc5 bxc5 15. Ng3 Nf4 16. h4 gxh4 17. Nf5 Bxf5 18. gxf5 N6h5 19. Bh3 Nxh3 20. Rxh3 Nf4 21. Rh2 h3 22. Ne2 Nxe2+ 23. Qxe2 Qg5+ 24. Qd2 Qg3 25. Qf2 Rg8 26. Rdh1 Qxf2 27. Rxf2 Rg3 28. Kd2 Ke7 29.
Rfh2 Rxf3 30. Rxh3 Rf2+ 31. Kc3 Rg8 32. R1h2 Rg3+ 33.
Rxg3 Rxh2 34. a3 h5 35. b4 cxb4+ 36. axb4 h4 37. Rg7 h3 38. c5 Rh1 39. Rh7 h2 40.
Kb2 Re1 41. cxd6+ cxd6 42. Rxh2 Rxe4 43. Rd2 Rd4 44. Rxd4 exd4 45. Kc2 Kf6 46. Kd3 Ke5 47.
Kc4 Ke4 48. Kb5 Kxd5 49. Ka6 Kc4 50. b5 d3 51. b6 axb6 52. Kxb6 d2 53. Kc6 d1=Q 54.
Kd7 Qd4 55. Ke7 f6 56. Ke6 Qe5+ 0-1

[Event "*** SCC Grand Prix: Titled Tuesday Blitz"]
[Site "Chess.com"]
[Date "2020.06.02"]
[Round "4"]
[White "HouseOfDurin"]
[Black "JuliaEfremova"]
[Result "0-1"]
[WhiteElo "1990"]
[BlackElo "2222"]
[TimeControl "180+1"]
[EndTime "10:40:20 PDT"]
[Termination "JuliaEfremova won on time"]

1. d4 e5 2. dxe5 Nc6 3. Nf3 Qe7 4. g3 Nxe5 5. Nxe5 Qxe5 6. Bg2 Nf6 7. O-O d5 8. c4 dxc4 9. Qa4+ c6 10. Qxc4 Qc5 11.
Qb3 Be7 12. Be3 Qh5 13. Nc3 O-O 14. h4 Ng4 15. Bd2 Bc5 16. Ne4 Bb6 17. Qf3 Qb5 18.
Bc3 Ne5 19. Qh5 Ng6 20. Qxb5 cxb5 21. Nd6 Bg4 22. e3 a6 23. Nxb7 Ra7 24. Nd6 Rd7 25. Ne4 Rfd8 26. Rfe1 a5 27. Ng5 b4 28. Bd4 Bxd4 29.
exd4 Rxd4 30. Nf3 Bxf3 31. Bxf3 Rd2 32. Rad1 Nf8 33. Rxd2 Rxd2 34. Re2 Rd1+ 35. Kg2 Rd6 36. a3 bxa3 37. bxa3 Rd3 38. Re7 Rxa3 39. Bd5 Ne6 40.
Bxe6 fxe6 41. Rxe6 Ra1 42. Ra6 a4 43. Ra7 a3 44. Kf3 a2 45. Kg4 Kf8 46. f4 Ke8 47. h5 Kd8 48. Kf5 Kc8 49. g4 Kb8 50. Ra3 Kb7 51. g5 Kb6 52. h6 gxh6 53. gxh6 Kc5 54. Kf6 Kb4 55. Ra7 Kb3 56. Kg7 Rg1+ 0-1

[Event "*** SCC Grand Prix: Titled Tuesday Blitz"]
[Site "Chess.com"]
[Date "2020.06.02"]
[Round "4"]
[White "silverback96"]
[Black "Escanor89"]
[Result "0-1"]
[WhiteElo "2233"]
[BlackElo "2571"]
[TimeControl "180+1"]
[EndTime "10:40:21 PDT"]
[Termination "Escanor89 won on time"]

1. d4 Nf6 2. c4 g6 3. g3 Bg7 4. Bg2 O-O 5. Nc3 d6 6. Nf3 Nc6 7. O-O e5 8. dxe5 dxe5 9. Bg5 Be6 10. Nd2 Qc8 11. Nd5 Nd7 12. Qa4 Re8 13. Ne4 Nb6 14.
Nxb6 axb6 15. Qd1 Kh8 16. b3 f5 17. Nf6 Rf8 18. Nd5 Qd7 19. Qc1 Nd4 20. Qd2 e4 21. e3 Nf3+ 22. Bxf3 exf3 23. Rfd1 c6 24. Nf4 Qxd2 25. Rxd2 Bxa1 26. Nxe6 Rfe8 27. Nc7 Bc3 28.
Rd1 Rec8 29. Nxa8 Rxa8 30. a3 Rxa3 31. Rb1 Ra1 32. Rxa1 Bxa1 33. h3 h5 34. Kf1 Kg8 35.
Ke1 Kf7 36. Kd2 Ke6 37. Kd3 Be5 38. e4 b5 39. Ke3 fxe4 40. Kxe4 bxc4 41. bxc4 b5 42.
cxb5 cxb5 43. Kxf3 b4 44. Ke2 b3 45. Kd3 Kd5 0-1

[Event "*** SCC Grand Prix: Titled Tuesday Blitz"]
[Site "Chess.com"]
[Date "2020.06.02"]
[Round "4"]
[White "Gloomy_Wanderer"]
[Black "nihalsarin"]
[Result "1-0"]
[WhiteElo "2781"]
[BlackElo "3004"]
[TimeControl "180+1"]
[EndTime "10:40:22 PDT"]
[Termination "Gloomy_Wanderer won by resignation"]

1. d4 c5 2. d5 e5 3. e4 d6 4. Bb5+ Nd7 5. a4 Be7 6. Nf3 a6 7. Be2 Nf8 8. h4 Bg4 9. g3 h6 10. Nc3 Nf6 11. Be3 Ng6 12. Nd2 Bxe2 13. Qxe2 h5 14. f3 Rb8 15. a5 Nd7 16. Nc4 Ngf8 17. Na4 g6 18. Qd3 Nh7 19. c3 O-O 20. Bh6 Re8 21. O-O g5 22. hxg5 Bxg5 23. Bxg5 Qxg5 24.
Kf2 Qg6 25. Rh1 Rbd8 26. Rag1 Ndf6 27. b3 Kh8 28. Nab2 Rg8 29. Ne3 Ne8 30. Nf5 Ng7 31. Ne7 Qh6 32. Nxg8 Rxg8 33. Nc4 Rf8 34. g4 h4 35. Qe3 Ng5 36. Nxd6 Kg8 37. Nf5 Nxf5 38. gxf5 f6 39. Rg4 Kf7 40. Qxc5 h3 41. Qc7+ Kg8 42. d6 Kh8 43. d7 Nf7 44. Ke2 Rd8 45. Rg3 h2 46. Rg2 Qf8 47. Rhxh2+ Nh6 48. Rxh6+ Qxh6 49. Qxd8+ 1-0

[Event "*** SCC Grand Prix: Titled Tuesday Blitz"]
[Site "Chess.com"]
[Date "2020.06.02"]
[Round "4"]
[White "kuban1991"]
[Black "dragos420"]
[Result "1-0"]
[WhiteElo "2712"]
[BlackElo "2501"]
[TimeControl "180+1"]
[EndTime "10:40:22 PDT"]
[Termination "kuban1991 won on time"]

1. Nf3 Nf6 2. g3 d5 3. Bg2 b5 4.
O-O Bb7 5. d3 e6 6. Nbd2 Be7 7.
e4 O-O 8. e5 Nfd7 9. Re1 c5 10.
h4 Nc6 11. Nf1 Qc7 12. Bf4 Rfc8 13. h5 Qd8 14. h6 g6 15. N1h2 c4 16. d4 c3 17. b3 a5 18. Ng4 a4 19. Qe2 Ba6 20.
Bf1 b4 21. Qe3 Bxf1 22. Rxf1 axb3 23. axb3 Rxa1 24. Rxa1 Ra8 25. Rxa8 Qxa8 26. Bg5 Bf8 27. Kg2 Qa6 28. Nf6+ Nxf6 29. Bxf6 Qb6 30. Qd3 Bxh6 31. g4 Bf8 32. Bg5 Bg7 33. Be3 f6 34. exf6 Bxf6 35. Qd1 Bg7 36. Qe2 h6 37. Qd3 Kf7 38. Nh4 Ne7 39. f4 Bf6 40. Nf3 Qd6 41. Qb5 h5 42. g5 Bg7 43. Qb7 Kg8 44. Ne5 Bxe5 45. dxe5 Qd8 46. Bb6 Qe8 47. Bc5 Nf5 48. Qxb4 Qc6 49.
Kf2 d4 50. Qb8+ Kf7 51. Qa7+ Kg8 52. Bd6 1-0

[Event "*** SCC Grand Prix: Titled Tuesday Blitz"]
[Site "Chess.com"]
[Date "2020.06.02"]
[Round "4"]
[White "CrushingKings"]
[Black "12teen"]
[Result "1-0"]
[WhiteElo "2511"]
[BlackElo "2687"]
[TimeControl "180+1"]
[EndTime "10:40:22 PDT"]
[Termination "CrushingKings won by resignation"]

1. e4 b6 2. d4 Bb7 3. Bd3 e6 4. Qe2 Nf6 5. Nd2 d5 6. c3 c5 7. dxc5 Bxc5 8. Ngf3 Nc6 9. O-O O-O 10. h3 Qc7 11. Re1 h6 12. e5 Nd7 13. Nb3 Rae8 14. Bf4 f6 15. Bg6 Rd8 16. Bg3 fxe5 17. Nxc5 bxc5 18.
Nxe5 Ndxe5 19. Bxe5 Nxe5 20. Qxe5 Qxe5 21. Rxe5 Rf6 22.
Bc2 d4 23. Rd1 Kf7 24. Rxc5 Rd7 25. Rxd4 Re7 26. Re5 g5 27. Bb3 Bc6 28. Rd6 Bd7 29.
c4 Rf4 30. c5 Kf6 31. Re1 Bc8 32. c6 Rf5 33. Rc1 Rc7 34. Bd1 Ke7 35. Rd3 Ba6 36.
Rdc3 Re5 37. Bf3 Rb5 38. b3 Re5 39. a4 Rf5 40. b4 Rf4 41. b5 Bc8 42. Rc4 Rf5 43.
Rc5 Rf4 44. R1c4 Kd6 45. Rxf4 gxf4 46. Rh5 Rh7 47. a5 Kc7 48. Be4 Rh8 49. Kf1 Kd6 50. Ke2 Kc7 51. Kf3 Rd8 52. Rxh6 Rd4 53. Rh7+ Kd6 54.
b6 axb6 55. axb6 e5 56. b7 Bxb7 57. cxb7 Rb4 58. Rh8 Rb3+ 59. Kg4 Kc7 60. Rc8+ 1-0

[Event "*** SCC Grand Prix: Titled Tuesday Blitz"]
[Site "Chess.com"]
[Date "2020.06.02"]
[Round "4"]
[White "LuckSlayeer"]
[Black "ArnieChipmunk"]
[Result "1-0"]
[WhiteElo "2456"]
[BlackElo "2288"]
[TimeControl "180+1"]
[EndTime "10:40:22 PDT"]
[Termination "LuckSlayeer won by resignation"]

1. e4 e5 2. Nf3 d6 3. d4 f5 4.
Nc3 fxe4 5. Nxe4 Nf6 6. Nxf6+ gxf6 7. Be2 Be6 8. Nh4 Qd7 9. Bh5+ Bf7 10. Qf3 Bxh5 11.
Qxh5+ Qf7 12. Qf3 Nc6 13. dxe5 dxe5 14. Nf5 O-O-O 15. O-O Rg8 16. a4 Nd4 17. Nxd4 Rxd4 18. Be3 Qd5 19. Qxd5 Rxd5 20. Rfd1 Rxd1+ 21. Rxd1 a6 22. c3 Be7 23. g3 Rd8 24. Rxd8+ Kxd8 25. f4 e4 26. f5 Kd7 27. Kf2 Kc6 28. b3 b5 29.
axb5+ axb5 30. g4 Kd5 31. h4 c5 32. g5 fxg5 33. hxg5 Ke5 34. f6 Bf8 35. Kg3 Kf5 36. Kh4 h6 37. gxh6 Kxf6 38. h7 Bg7 39. Bxc5 Kg6 40. Bd4 Bxd4 41. cxd4 Kxh7 42. Kg4 Kg6 43. Kf4 Kf6 44. Kxe4 Ke6 45. d5+ Kd6 46. Kd4 1-0

[Event "*** SCC Grand Prix: Titled Tuesday Blitz"]
[Site "Chess.com"]
[Date "2020.06.02"]
[Round "4"]
[White "aleksandrovaleksei"]
[Black "MIJUAREZ"]
[Result "0-1"]
[WhiteElo "2550"]
[BlackElo "2353"]
[TimeControl "180+1"]
[EndTime "10:40:23 PDT"]
[Termination "MIJUAREZ won on time"]

1. d4 d5 2. c4 c6 3. Nc3 Nf6 4. e3 g6 5. Nf3 Bg7 6. Be2 O-O 7.
O-O b6 8. a4 Na6 9. Ne5 Nb4 10.
Na2 Nxa2 11. Rxa2 Bb7 12. b4 Nd7 13. Nf3 c5 14. dxc5 bxc5 15. b5 Nb6 16. Rd2 Bc3 17. Rd3 Bg7 18. a5 Nxc4 19. a6 Bc8 20. Rxd5 Nd6 21.
Rxc5 Bd7 22. Ba3 Qb6 23. Qb3 Rab8 24. Rb1 Rfd8 25. h3 Be6 26. Qa4 Bf6 27. Nd4 Bxd4 28. exd4 Bd7 29. d5 Rdc8 30. Rxc8+ Rxc8 31. Qh4 Nf5 32. Qf4 Rc2 33. Bd3 Rc3 34. Bxf5 Bxf5 35. Ra1 Qxb5 36. Bxe7 Qxd5 37. Qb8+ Rc8 38. Qxa7 Qe5 39.
Rf1 Be4 40. Bh4 Ra8 41. Qb6 Bd3 42. Bf6 Qe6 43. Qxe6 fxe6 44. Rc1 Rxa6 45. Rc7 h5 46. Kh2 Bf5 47. Kg3 Ra2 48. f3 Rc2 0-1

[Event "*** SCC Grand Prix: Titled Tuesday Blitz"]
[Site "Chess.com"]
[Date "2020.06.02"]
[Round "4"]
[White "flexova"]
[Black "AndrewDGreen"]
[Result "0-1"]
[WhiteElo "2440"]
[BlackElo "2321"]
[TimeControl "180+1"]
[EndTime "10:40:24 PDT"]
[Termination "AndrewDGreen won on time"]

1. c4 c5 2. g3 g6 3. Bg2 Bg7 4. Nc3 Nc6 5. Nf3 d6 6. O-O Bf5 7. e4 Bg4 8. h3 Bxf3 9. Bxf3 e6 10. Bg2 Nge7 11. d3 O-O 12. Kh2 Nd4 13. f4 Rb8 14. a4 a6 15. Be3 Nec6 16. g4 f5 17. exf5 gxf5 18. gxf5 Nxf5 19. Bg1 Kh8 20. Qh5 Rg8 21. Rae1 Qf6 22. Ne4 Qg6 23. Qxg6 hxg6 24. Ng5 e5 25. Bd5 Rgf8 26. fxe5 Bxe5+ 27. Kg2 Ncd4 28. Re4 b5 29. Bxd4 cxd4 30. Ne6 Ne3+ 31. Rxe3 Rxf1 32. Rxe5 dxe5 33. Kxf1 bxc4 34. Bxc4 Rxb2 35. Bxa6 Ra2 36. Bb5 e4 37. dxe4 d3 38. Nc5 d2 39. Ke2 Kg7 40. Nb3 Ra3 41.
Nxd2 Rxh3 42. a5 Ra3 43. a6 Kf6 44. Nc4 Ra2+ 45. Ke3 g5 46. Nd6 Ke5 47. Nc8 g4 48. a7 g3 49. Bc6 g2 0-1

[Event "*** SCC Grand Prix: Titled Tuesday Blitz"]
[Site "Chess.com"]
[Date "2020.06.02"]
[Round "4"]
[White "SHIVACalypso"]
[Black "JSMastropiero"]
[Result "1-0"]
[WhiteElo "2303"]
[BlackElo "2431"]
[TimeControl "180+1"]
[EndTime "10:40:24 PDT"]
[Termination "SHIVACalypso won by resignation"]

1. Nf3 Nf6 2. c4 e6 3. g3 d5 4. Bg2 Be7 5. O-O O-O 6. d4 dxc4 7. Qc2 a6 8. a4 Bd7 9. Ne5 Nc6 10. Rd1 Na5 11. Nd2 Nd5 12. Ndxc4 Nxc4 13. Qxc4 b5 14. Qc2 Rb8 15. Nc6 Bxc6 16. Qxc6 Rb6 17. Qc2 Qd7 18. e4 Nb4 19. Qb3 Rd8 20. Be3 Rbb8 21. axb5 axb5 22.
Rac1 h6 23. Bf4 Rbc8 24. Bf1 c6 25. Be3 Na6 26. d5 cxd5 27. exd5 Rxc1 28. Bxc1 Nc5 29. Qxb5 Qxb5 30. Bxb5 Rxd5 31. Rxd5 exd5 32. Be3 Ne6 33.
Kf1 d4 34. Bd2 Kf8 35. Ke2 Nc7 36. Bc4 Bf6 37. Kd3 Ke7 38. Bb4+ Ke8 39. Bc5 Ne6 40.
Bxe6 fxe6 41. Bxd4 e5 42. Bc5 Kd7 43. b4 Kc6 44.
Kc4 Bd8 45. b5+ Kd7 46. Kd5 Bf6 47. b6 e4 48. Bd4 Bd8 49. Kxe4 Bc7 50. Kf5 Bd6 51.
Kg6 1-0

[Event "*** SCC Grand Prix: Titled Tuesday Blitz"]
[Site "Chess.com"]
[Date "2020.06.02"]
[Round "4"]
[White "Everyfishknows"]
[Black "Kapibara_Warri0r"]
[Result "1-0"]
[WhiteElo "2312"]
[BlackElo "2131"]
[TimeControl "180+1"]
[EndTime "10:40:24 PDT"]
[Termination "Everyfishknows won by resignation"]

1. Nf3 Nf6 2. c4 g6 3. Nc3 Bg7 4. e4 d6 5. d4 O-O 6. Be2 e5 7.
O-O Nc6 8. Be3 Ng4 9. Bg5 f6 10. Bc1 f5 11. Bg5 Bf6 12. Bxf6 Nxf6 13. exf5 gxf5 14.
dxe5 Nxe5 15. Qd2 Qe7 16. Rfe1 Qg7 17. Nd5 Ne4 18. Qf4 Ng4 19. Rf1 Kh8 20. h3 Ngxf2 21. Rxf2 Nxf2 22. Kxf2 Rg8 23. Qd4 Qxd4+ 24. Nxd4 c6 25. Ne7 Rf8 26. Bd3 c5 27. Ndxf5 Bxf5 28. Nxf5 Rae8 29. Re1 Rxe1 30. Kxe1 Re8+ 31. Kd2 Re6 32.
g4 b6 33. b3 Kg8 34. Be2 Kf7 35. Bf3 Kg6 36. h4 Rf6 37. Be4 Kf7 38. g5 Rg6 39. Nh6+ Kg7 40. Bxg6 Kxg6 41. Ng4 Kh5 42. Nf6+ Kg6 43.
Ne8 Kh5 44. Nxd6 Kxh4 45. Ne4 Kg4 46. Ke3 Kf5 47. Kf3 Kg6 48. Kf4 h6 49. gxh6 Kxh6 50. Ke5 Kg6 51. Kd6 Kf7 52. Nxc5 bxc5 53. Kxc5 Ke6 54. Kc6 1-0

[Event "*** SCC Grand Prix: Titled Tuesday Blitz"]
[Site "Chess.com"]
[Date "2020.06.02"]
[Round "4"]
[White "mr65"]
[Black "Aguiar94"]
[Result "0-1"]
[WhiteElo "2148"]
[BlackElo "2411"]
[TimeControl "180+1"]
[EndTime "10:40:24 PDT"]
[Termination "Aguiar94 won on time"]

1. e4 c5 2. d4 cxd4 3. c3 d3 4.
c4 Nf6 5. Nc3 d6 6. Bxd3 e6 7.
Nge2 Be7 8. O-O O-O 9. b3 a6 10. Bb2 b6 11. Rc1 Bb7 12. Bb1 Nbd7 13. Qc2 Qc7 14.
Kh1 Rac8 15. f4 Qb8 16. Ng3 g6 17. f5 b5 18. fxe6 fxe6 19. cxb5 axb5 20. Qd2 b4 21.
Na4 Rxc1 22. Rxc1 Ng4 23. h3 d5 24. e5 Ngxe5 25. Qd4 Bg5 26. Rf1 Rxf1+ 27. Nxf1 Bc6 28. Nc5 Bf6 29. Qf4 Qf8 30. Nxd7 Nxd7 31. Bxf6 Qxf6 32. Qc1 Qc3 33. Qxc3 bxc3 34. Ne3 d4 35. Nc4 e5 36.
Kg1 e4 37. Kf2 d3 38. Ke3 c2 39. Bxc2 dxc2 40. Kd2 Kf7 41. Kxc2 Ke6 42. a4 Bd5 43.
Ne3 Nc5 44. Nxd5 Kxd5 45. a5 Na6 46. Kc3 Kc5 0-1

[Event "*** SCC Grand Prix: Titled Tuesday Blitz"]
[Site "Chess.com"]
[Date "2020.06.02"]
[Round "4"]
[White "DDTerziev04"]
[Black "Happy1712Drummer"]
[Result "0-1"]
[WhiteElo "2243"]
[BlackElo "2440"]
[TimeControl "180+1"]
[EndTime "10:40:25 PDT"]
[Termination "Happy1712Drummer won by resignation"]

1. e4 c6 2. d4 d5 3. exd5 cxd5 4.
Bd3 Nf6 5. c3 Nc6 6. Bf4 g6 7.
Nd2 Bg7 8. Ngf3 O-O 9. h3 Bf5 10. Bxf5 gxf5 11. g4 Qc8 12. Rg1 Kh8 13. Ne5 Ne4 14.
f3 Nxd2 15. Qxd2 Nxe5 16. dxe5 Qe6 17. O-O-O Rad8 18. gxf5 Qxf5 19. Rg5 Qxh3 20. Rg3 Qf5 21. Rh1 d4 22. Rgh3 dxc3 23. Rxh7+ Qxh7 24. Rxh7+ Kxh7 25. Qh2+ Kg8 26. bxc3 Rc8 27. Qg3 Rxc3+ 28. Kb1 Rc6 29. Be3 Rg6 30. Qf2 b6 31. f4 e6 32. Bd4 Rd8 33. Be3 Rd5 34. Kc2 Ra5 35. Kb2 Rd5 36.
Qf3 Bf8 37. Qf2 Rb5+ 38. Ka1 Bb4 39. Bd4 Bc5 40. Bxc5 Rxc5 41. Qd2 Rg1+ 42. Kb2 Rb5+ 43.
Kc3 Rc5+ 44. Kb2 Rd5 45. Kc2 Rxd2+ 46. Kxd2 Rg2+ 0-1